Map: Deathaura LE

Players

Has - Winner!

  • Race: Protoss Protoss
  • Spawn Location: 5:00

黑羽快斗 (ButAlways)

  • Race: Protoss Protoss
  • League: Master
  • Spawn Location: 11:00

Event: DreamHack SC2 Masters 2020 Fall

VOD

Have the link to the VOD?

Description

Time

  • Played on: Aug. 29, 2020, 8:28 a.m.
  • Length: 4:34

All games in this series

Show
View Real Time Build Order
Export as new Build Order

Has Protoss - Winner!

Build Orders: 1 Gate Expand, Oracle Opening 

Get SALT Encoding   

  12  0:00  Probe  
  13  0:12  Probe  
  14  0:16  Pylon  
  14  0:24  Probe (Chrono Boost)  
  16  0:36  Gateway, Probe (Chrono Boost)  
  16  0:42  Assimilator  
  16  0:43  Probe (Chrono Boost)  
  17  0:54  Probe  
  18  1:06  Probe  
  19  1:18  Probe  
  19  1:21  Nexus  
  20  1:33  Cybernetics Core  
  20  1:36  Probe  
  21  1:40  Assimilator  
  21  1:48  Probe  
  22  1:56  Pylon  
  22  2:00  Pylon  
  22  2:01  Probe  
  23  2:11  Stalker (Chrono Boost)  
  23  2:14  Probe  
  26  2:20  Stargate  
  26  2:25  Warp Gate (Chrono Boost)  
  26  2:26  Probe  
  27  2:35  Probe  
  28  2:38  Stalker  
  28  2:41  Probe  
  31  2:57  Shield Battery  
  31  3:02  Oracle (Chrono Boost)  
  31  3:03  Gateway  
  34  3:14  Gateway  
  34  3:21  Zealot  
  36  3:31  Oracle (Chrono Boost)  
  39  3:35  Shield Battery  
  39  3:42  Shield Battery  
  39  3:51  Shield Battery  
  39  4:00  Pylon  
  39  4:06  Stalker  
  39  4:07  Stalker  
  43  4:11  Sentry  
Show
View Real Time Build Order
Export as new Build Order

黑羽快斗 Protoss 

Build Orders: Dark Templar Rush 

Get SALT Encoding   

  12  0:00  Probe  
  13  0:12  Probe  
  14  0:17  Pylon  
  14  0:24  Probe (Chrono Boost)  
  15  0:36  Probe (Chrono Boost)  
  15  0:37  Gateway  
  16  0:45  Probe (Chrono Boost)  
  16  0:47  Assimilator  
  17  0:51  Probe  
  17  0:55  Assimilator  
  18  1:03  Probe (Chrono Boost)  
  19  1:09  Gateway  
  19  1:12  Probe (Chrono Boost)  
  19  1:18  Probe  
  21  1:26  Cybernetics Core  
  21  1:30  Probe  
  22  1:41  Pylon  
  22  1:42  Probe  
  23  2:02  Robotics Facility  
  23  2:03  Stalker  
  23  2:06  Stalker  
  23  2:07  Warp Gate (Chrono Boost)  
  27  2:18  Pylon  
  27  2:34  Stalker  
  27  2:36  Stalker  
  30  2:45  Warp Prism (Chrono Boost)  
  32  2:59  Twilight Council  
  32  3:10  Gateway  
  32  3:22  Pylon  
  32  3:38  Dark Shrine  
  32  3:52  Stalker x2  
  36  3:58  Pylon  
  36  4:09  Stalker  

Tags
 
Add a new tag
Caveats
  • Supply blocks, unpowered buildings, or Contaminate may cause inaccurate times.
  • Supply counts are checked every 10 seconds.